Cogmind - Beta 16 @@@ ROGUE MODE // 2025.10.23 @ 17:11:05 Player: Bt-7274 Result: Destroyed by S-10 Pest with Light Assault Rifle Performance ------------- Evolutions (2) 1000 Regions Visited (4) 800 Robots Destroyed (52) 260 Value Destroyed (1352) 1352 Prototype IDs (1) 20 Alien Tech Used (0) 0 Bonus (0) 0 TOTAL SCORE: 3432 Bonus ------- None Cogmind --------- Core Integrity 0/550 Matter 293/300 Energy 280/280 System Corruption 0% Temperature Cool (0) Movement Core (150) Ox2 Location -8/Materials Parts ------- > --- POWER (1) -------- Cooled Ion Engine > --- PROPULSION (3) --- (None) > --- UTILITY (5) ------ Visual Processing Unit > --- WEAPON (2) ------- (None) > --- INVENTORY (5) ---- Heavy Hammer Heavy Flail Heavy Flail Peak State ------------ > --- POWER ------------ Cooled Ion Engine > --- PROPULSION ------- Airjet Airjet Airjet > --- UTILITY ---------- Small Storage Unit Visual Processing Unit Melee Analysis Suite Improved Light Armor Plating Improved Light Armor Plating > --- WEAPON ----------- Heavy Flail Heavy Flail > --- INVENTORY -------- Cooled Ion Engine Carbon-fiber Leg Airjet ECM Suite Mini Grenade Launcher Heavy Hammer Heavy Flail Heavy Flail [Rating: 32] Favorites ----------- Power Ion Engine Engine Ion Engine Propulsion Improved Aluminum Leg Leg Improved Aluminum Leg Wheel Compact Wheel Hover Unit Airjet Utility Small Storage Unit Device Sensor Array Storage Small Storage Unit Processor Visual Processing Unit Protection Light Armor Plating Weapon Heavy Hammer Ballistic Gun Assault Rifle Launcher Mini Grenade Launcher Impact Weapon Heavy Hammer Build | -11 -10 -10 -9 -8 ------- Run | Yrd Mat Min Mat Mat Slots Evolved 4 | . . . 2 2 Power . | . . . . . Propulsion 1 | . . . 1 . Utility 3 | . . . 1 2 Weapon . | . . . . . Parts Attached 35 | 8 6 2 10 9 Power 5 | 2 . . 2 1 Engine 5 | 2 . . 2 1 Core . | . . . . . Reactor . | . . . . . Propulsion 10 | 2 2 . 5 1 Treads . | . . . . . Leg 4 | 2 2 . . . Wheel 2 | . . . 2 . Hover 4 | . . . 3 1 Flight . | . . . . . Utility 11 | 2 1 2 1 5 Device 3 | 1 . 2 . . Storage 2 | 1 1 . . . Processor 3 | . . . . 3 Hackware . | . . . . . Protection 3 | . . . 1 2 Artifact . | . . . . . Weapon 9 | 2 3 . 2 2 Energy Gun . | . . . . . Energy Cannon . | . . . . . Ballistic Gun 2 | 2 . . . . Ballistic Cannon . | . . . . . Launcher 1 | . . . . 1 Special Weapon . | . . . . . Impact Weapon 6 | . 3 . 2 1 Slashing Weapon . | . . . . . Piercing Weapon . | . . . . . Special Melee Weapon . | . . . . . Unidentified Prototypes 1 | . . . 1 . Parts Lost 16 | . 1 . 3 12 Power 1 | . . . . 1 Propulsion 6 | . . . 2 4 Utility 7 | . 1 . 1 5 Weapon 2 | . . . . 2 Highest Loss Streak 7 | . 1 . 2 7 To Critical Strikes . | . . . . . Average Backups 7 | 3 7 8 7 7 Power . | . 1 1 1 . Propulsion 2 | 1 2 3 1 1 Utility 1 | . . 1 1 1 Weapon 3 | . 2 3 3 3 Tool/Special . | . . . . . Unused Backups 13 | . 5 . 4 4 Power 1 | . 1 . . . Propulsion 2 | . 1 . . 1 Utility 4 | . . . 3 1 Weapon 6 | . 3 . 1 2 Tool/Special . | . . . . . Average Slot Usage (%) 95 | . 93 100 97 87 Engine 11 | . 14 14 11 8 Leg 16 | . 28 28 10 . Wheel 1 | . . . 5 . Hover 9 | . . . 15 22 Device 9 | . 8 13 11 4 Storage 12 | . 14 14 11 7 Processor 3 | . . . . 17 Protection 5 | . . . 9 10 Ballistic Gun 2 | . 13 . . . Impact Weapon 20 | . 14 28 22 16 Peak Build Rating 32 | 9 14 12 22 32 Average Rating 15 | 5 10 11 17 26 On Entrance 11 | . 9 12 12 22 Avg Prop Armor Cover (%) 2 | . . . 2 . Naked Turns . | . . . . . Heaviest Build 25 | 15 17 17 23 25 Greatest Support 36 | 20 26 26 36 24 Greatest Overweight (x) 4 | 4 . . 2 3 Average Overweight (x) . | . . . . . Largest Inventory Capacity 8 | 8 8 8 8 8 Average Capacity 7 | 7 8 8 8 7 Most Carried 8 | 6 8 8 8 8 Average Carried 7 | 3 7 8 7 7 Final Capacity 8 | 8 8 8 8 5 Final Carried 8 | 5 8 8 8 3 Class Distribution -------------------- 95% | Mutant 4% | Gladiator Dominant Class ---------------- Mutant | -10/Materials Mutant | -10/Mines Mutant | -9/Materials Mutant | -8/Materials Resources | -11 -10 -10 -9 -8 ----------- Run | Yrd Mat Min Mat Mat Matter Collected 871 | 232 202 20 295 122 Remotely 10 | . . 10 . . Salvage Created 1652 | 67 333 216 498 538 Parts 63 | 4 6 1 14 38 Haulers Intercepted 3 | . . . 2 1 Recyclers Shooed . | . . . . . Parts Field Recycled . | . . . . . Retrieved Matter . | . . . . . Parts Self-Destructed . | . . . . . Prevented . | . . . . . Parts Restored . | . . . . . Kills | -11 -10 -10 -9 -8 ------- Run | Yrd Mat Min Mat Mat Combat Hostiles Destroyed 38 | . 7 7 7 17 Melee 5 | . 1 1 2 1 Guns 4 | . 4 . . . AOE 13 | . . . . 13 Classes Destroyed 9 | 2 4 . 2 1 Worker 2 | . 1 1 . . Builder 1 | . . . . 1 Tunneler 1 | 1 . . . . Hauler 3 | . . . 2 1 Recycler 3 | 1 1 . 1 . Watcher 4 | . 1 . 1 2 Swarmer 12 | . 3 3 . 6 Grunt 18 | . 4 4 3 7 Sentry 8 | . . . 4 4 Best Kill Streak 9 | 1 2 3 2 9 Combat Bots Only 8 | . 2 4 2 8 Max Kills in Single Turn 3 | 1 1 1 1 3 Gunslinging . | . . . . . Exploded 3 | . . . . 3 Melee 1 | . 1 1 1 1 Uniques/NPCs Destroyed . | . . . . . Combat | -11 -10 -10 -9 -8 -------- Run | Yrd Mat Min Mat Mat Hostile Shots Fired 261 | . 34 27 38 162 Missed 75 | . 12 5 9 49 Hits 186 | . 22 22 29 113 Projectile 186 | . 22 22 29 113 Critical Strikes 4 | . . . 1 3 Damage Taken 2526 | . 253 241 394 1638 Core 767 | . 47 71 91 558 Absorbed by Shields . | . . . . . Regen/Repaired (Parts) 69 | . . . 69 . Core Remaining (%) 76 | 100 . 52 77 . Volleys Fired 27 | 10 9 . . 8 Largest 2 | 2 2 . . 1 Hottest 40 | 40 40 . . 30 Shots Fired 42 | 20 14 . . 8 Gun 34 | 20 14 . . . Cannon . | . . . . . Launcher 8 | . . . . 8 Special . | . . . . . Kinetic 34 | 20 14 . . . Thermal . | . . . . . Explosive 8 | . . . . 8 Electromagnetic . | . . . . . Robot Hit Streak 7 | 6 6 . . 7 Robot Miss Streak 4 | 4 3 . . 1 Penetration Max . | . . . . . Secondary Targets . | . . . . . Shots Hit Robots 91 | 13 22 13 26 17 Core Hits 36 | 3 7 . 2 24 Critical Kills 3 | . 2 . 1 . Critical Parts Destroyed 8 | . . 4 4 . Critical Strikes 12 | . 2 4 5 1 Smash 12 | . 2 4 5 1 Melee Attacks 88 | . 19 18 34 17 Impact 88 | . 19 18 34 17 Slashing . | . . . . . Piercing . | . . . . . Sneak Attacks 9 | . 2 2 4 1 Combat Hostiles 1 | . . 1 . . Follow-up Attacks 9 | . . 2 5 2 Damage Inflicted 4381 | 172 747 587 1108 1767 Guns 260 | 160 100 . . . Cannons . | . . . . . Explosions 1172 | . . . . 1172 Melee 2933 | . 647 587 1108 591 Ramming 16 | 12 . . . 4 Kinetic 260 | 160 100 . . . Thermal . | . . . . . Explosive 1172 | . . . . 1172 Electromagnetic . | . . . . . Impact 2933 | . 647 587 1108 591 Slashing . | . . . . . Piercing . | . . . . . Highest Corruption . | . . . . . Average Corruption . | . . . . . Corruption Purged . | . . . . . Corruption Blocked . | . . . . . Overload Shots . | . . . . . Overflow Damage 908 | . 143 288 348 129 Projectiles 26 | . 26 . . . Explosions 56 | . . . . 56 Melee 826 | . 117 288 348 73 Knockbacks 16 | . 8 2 5 1 Impact 13 | . 5 2 5 1 Kinetic . | . . . . . Secondary 3 | . 3 . . . Self-Inflicted Damage 156 | . . . . 156 Shots 5 | . . . . 5 Rammed 1 | . . . . 1 Targets Rammed 4 | 3 . . . 1 Kicked 3 | 3 . . . . Crushed . | . . . . . Highest Temperature 21 | . . . 7 21 Average Temperature 8 | . . . 7 9 Received Heat Transfer 837 | . 123 105 159 450 Siege Activations . | . . . . . Martial Activations . | . . . . . Shielding Activations . | . . . . . Robots Disrupted . | . . . . . Combat Hostiles . | . . . . . Robots Corrupted 24 | . 3 7 9 5 Combat Hostiles 16 | . 2 6 5 3 Parts Fried 27 | . 6 9 8 4 Impact Corruptions 39 | . 7 13 13 6 Robots Melted . | . . . . . Combat Hostiles . | . . . . . Parts Melted . | . . . . . Heat Transferred . | . . . . . Parts Sabotaged . | . . . . . Parts Stolen . | . . . . . Parts Stripped . | . . . . . Power Chain Reactions . | . . . . . Alert | -11 -10 -10 -9 -8 ------- Run | Yrd Mat Min Mat Mat Maximum Alert Level 1 | . . . . 1 Low Security (%) 97 | 100 100 100 100 84 Level 1 2 | . . . . 15 Level 2 . | . . . . . Level 3 . | . . . . . Level 4 . | . . . . . Level 5 . | . . . . . High Security . | . . . . . Max Security . | . . . . . Peak Influence 328 | 5 60 150 50 328 Initial 10 | . . 10 . . Average 34 | . 19 54 12 71 Influence Increases 1269 | 10 208 225 216 610 Destroy 0b10 Robot/C 760 | . 140 140 140 340 Destroy 0b10 Robot/NC 70 | 10 15 5 20 20 Destroy Leader 174 | . 22 20 56 76 Successful Hack 16 | . 16 . . . Disable Machine 15 | . . . . 15 Destroy Structure 54 | . . . . 54 Partial Spotted 45 | . 15 . . 30 Lose Combat Pursuer 135 | . . 60 . 75 Influence Decreases 963 | 10 179 254 216 304 Entered New Map 19 | . . 19 . . Time Decay 802 | 10 179 235 206 172 Lost Part 122 | . . . 10 112 Purge Threat 20 | . . . . 20 Squads Dispatched 6 | . . . 1 5 Investigation 2 | . . . 1 1 Extermination . | . . . . . Reinforcement 2 | . . . . 2 Assault . | . . . . . Garrison 2 | . . . . 2 Intercept . | . . . . . Searches Triggered . | . . . . . Construction Impeded . | . . . . . Haulers Reinforced . | . . . . . Active Scanning Responses . | . . . . . Cargo Convoy Interrupts . | . . . . . Stealth | -11 -10 -10 -9 -8 --------- Run | Yrd Mat Min Mat Mat Distress Signals 2 | . 1 . 1 . Communications Jammed . | . . . . . Distress Signals . | . . . . . Times Spotted 74 | . 13 9 11 41 Peak Tracking Total 17 | . 5 4 4 17 Tactical Retreats 4 | . . 2 . 2 Traps | -11 -10 -10 -9 -8 ------- Run | Yrd Mat Min Mat Mat Traps Triggered . | . . . . . Indirectly . | . . . . . Trap Hack Attempts . | . . . . . Triggered . | . . . . . Disarmed . | . . . . . Reprogrammed . | . . . . . Reused . | . . . . . Traps Extracted . | . . . . . Installed . | . . . . . Triggered . | . . . . . Machines | -11 -10 -10 -9 -8 ---------- Run | Yrd Mat Min Mat Mat Machines Disabled 1 | . . . . 1 Max in Single Turn 1 | . . . . 1 Machines Repaired . | . . . . . Machines Dismantled . | . . . . . Machines Sabotaged . | . . . . . Overloaded Fab Kills . | . . . . . Hacking | -11 -10 -10 -9 -8 --------- Run | Yrd Mat Min Mat Mat Machines Accessed 9 | . 2 . 5 2 Terminals 6 | . 1 . 3 2 Fabricators . | . . . . . Repair Stations 1 | . . . 1 . Recycling Units 2 | . 1 . 1 . Scanalyzers . | . . . . . Garrison Access . | . . . . . Total Hacks 27 | . 10 . 12 5 Successful 14 | . 6 . 6 2 Failed 13 | . 4 . 6 3 Catastrophic 4 | . . . 2 2 Database Lockouts . | . . . . . Manual 7 | . . . 3 4 Terminals 19 | . 6 . 8 5 Fabricators . | . . . . . Repair Stations 3 | . . . 3 . Recycling Units 5 | . 4 . 1 . Scanalyzers . | . . . . . Garrison Access . | . . . . . Terminal Hacks 8 | . 3 . 3 2 Branch Access Points 1 | . 1 . . . Terminal Index 2 | . 1 . . 1 Alert Level 1 | . . . 1 . Unreport Threat 1 | . . . . 1 Locate Traps 2 | . 1 . 1 . Reinforcement Status 1 | . . . 1 . Fabricator Hacks . | . . . . . Repair Station Hacks 2 | . . . 2 . Scan Component 1 | . . . 1 . Repair 1 | . . . 1 . Recycling Unit Hacks 4 | . 3 . 1 . Report Inventory 3 | . 2 . 1 . Retrieve Matter 1 | . 1 . . . Scanalyzer . | . . . . . Garrison Access Hacks . | . . . . . Unauthorized Hacks . | . . . . . Terminals . | . . . . . Fabricators . | . . . . . Repair Stations . | . . . . . Recycling Units . | . . . . . Scanalyzers . | . . . . . Garrison Access . | . . . . . Data Cores Recovered . | . . . . . Used . | . . . . . Hacking Detections 9 | . 2 . 5 2 Full Trace Events 2 | . . . 1 1 Feedback Events . | . . . . . Feedback Blocked . | . . . . . Robot Schematics Acquired . | . . . . . Robots Built . | . . . . . Authchips . | . . . . . Time . | . . . . . Total Robot Build Rating . | . . . . . Part Schematics Acquired . | . . . . . Parts Built . | . . . . . Authchips . | . . . . . Time . | . . . . . Total Part Build Rating . | . . . . . Part Studies Acquired . | . . . . . Parts Repaired 1 | . . . 1 . Time 26 | . . . 26 . Parts Recycled . | . . . . . Recycled Matter . | . . . . . Retrieved Matter . | . . . . . Retrieved Components . | . . . . . Parts Scanalyzed . | . . . . . Part Schematics Acquired . | . . . . . Parts Damaged . | . . . . . Bothacking | -11 -10 -10 -9 -8 ------------ Run | Yrd Mat Min Mat Mat Used RIF Installer . | . . . . . Robots Hacked . | . . . . . Non-combat . | . . . . . Combat . | . . . . . Robot Hacks Applied . | . . . . . Relay Couplers Released . | . . . . . Fabnet Peak Effective % . | . . . . . Robots Rewired . | . . . . . Allies Hacked . | . . . . . Hacks Repelled . | . . . . . Allies | -11 -10 -10 -9 -8 -------- Run | Yrd Mat Min Mat Mat Total Allies . | . . . . . Largest Group . | . . . . . Highest-Rated Group . | . . . . . Highest-Rated Ally . | . . . . . Total Orders . | . . . . . Ally Attacks . | . . . . . Total Damage . | . . . . . Kills . | . . . . . Allies Corrupted . | . . . . . Allies Melted . | . . . . . Intel | -11 -10 -10 -9 -8 ------- Run | Yrd Mat Min Mat Mat Active Infowar (turns) 1818 | 12 292 234 795 485 Optics 485 | . . . . 485 Sensors 1257 | . . 234 795 228 Terrain 304 | 12 292 . . . Robot Analysis Total . | . . . . . Derelict Logs Recovered 1 | . . 1 . . Drone Launches . | . . . . . Drone Recoveries . | . . . . . Exploration | -11 -10 -10 -9 -8 ------------- Run | Yrd Mat Min Mat Mat Turns Passed 2679 | 216 510 672 795 486 Spaces Moved 1780 | 119 315 413 556 377 Core 98 | 26 . . . 72 Treads . | . . . . . Legs 1022 | 93 315 413 201 . Wheels 20 | . . . 20 . Hover 640 | . . . 335 305 Flight . | . . . . . Fastest Speed 50 | 50 120 120 52 50 Average Speed 100 | 139 120 120 85 74 Slowest Speed 260 | 250 120 120 260 200 Overloaded Moves . | . . . . . Propulsion Burnouts . | . . . . . Robots Hopped . | . . . . . Potential Cave-ins . | . . . . . Cave-ins Triggered . | . . . . . Exploration Rate (%) 37 | 7 41 69 40 31 Regions Visited 4 Branch Regions 1 Pre-discovered Areas 1 | . . 1 . . Known Exits Taken 2 | . 1 . 1 . Unknown Exits Taken 2 | 1 . 1 . . Scrap Searched 1 | . . 1 . . Spaces Dug . | . . . . . Terrain Destroyed 53 | . . . . 53 Melee . | . . . . . Projectile . | . . . . . AOE 53 | . . . . 53 Terrain Rammed . | . . . . . Walls Destroyed . | . . . . . Machines Disabled . | . . . . . Actions | -11 -10 -10 -9 -8 --------- Run | Yrd Mat Min Mat Mat Total 2494 | 145 403 561 833 552 Wait 514 | 1 39 131 207 136 Move 1776 | 118 314 412 555 377 Hop . | . . . . . Pick Up 30 | 5 8 . 14 3 Fast Attach 15 | 6 2 1 5 1 Attach 10 | 1 . . 4 5 Detach . | . . . . . Swap 15 | 1 5 1 4 4 Drop 27 | . 8 1 16 2 Fire 27 | 10 9 . . 8 Melee 76 | . 18 15 28 15 Ram 1 | . . . . 1 Kick 3 | 3 . . . . Crush . | . . . . . Escape Stasis . | . . . . . Rewire . | . . . . . Trap . | . . . . . Miscellaneous . | . . . . . Route ------- -11/Scrapyard -10/Materials (discovered 3 exits: *Mat / *Min / [*Sub]) -10/Mines -9/Materials (discovered 2 exits: *Mat x2) -8/Materials History --------- Turn | Location | Event 56 | -11/Scrapyard | Discovered new exit (range 14) 217 | -11/Scrapyard | Entered Materials 276 | -10/Materials | Identified exit to Mines 302 | -10/Materials | Build established: Mutant 486 | -10/Materials | Discovered new exit (range 9) 498 | -10/Materials | Discovered new exit (range 9) 727 | -10/Materials | Entered Mines 748 | -10/Mines | Learned 8 Materials zone layouts 761 | -10/Mines | Excavation squad dispatched 761 | -10/Mines | A large section of the Mines collapsed 1057 | -10/Mines | Learned location of Storage (-7) 1375 | -10/Mines | Discovered new exit (range 5) 1399 | -10/Mines | Entered Materials 1399 | -9/Materials | Evolved 2 slots: Propulsion x1, Utility x1 1400 | -9/Materials | Identified exit to Materials 1775 | -9/Materials | Repaired Lgt. Armor Plating 2183 | -9/Materials | Discovered exit to Materials (range 15) 2194 | -9/Materials | Entered another Materials area 2194 | -8/Materials | Evolved 2 slots: Utility x2 2562 | -8/Materials | Garrison activated, responded to threat 2632 | -8/Materials | Destroyed 8 combat bots 2649 | -8/Materials | Core integrity fell below 50% 2655 | -8/Materials | Lost 7 parts (1p2n3u1w) 2660 | -8/Materials | Core integrity fell below 20% 2680 | -8/Materials | Destroyed by S-10 Pest with Light Assault Rifle Last Messages --------------- 02621_ K-01 Serf collects debris. 02621_ U-05 Engineer builds a Wall. 02622_ Acquired 27 matter. 02624_ K-01 Serf collects debris. 02624_ U-05 Engineer builds a Wall. 02624_ Sml. Storage Unit destroyed. 02625_ U-05 Engineer lays Concrete. 02625_ K-01 Serf collects debris. 02626_ U-05 Engineer builds a Wall. 02640_ Connecting with Terminal... 02640_ ALERT: Suspicious activity at Terminal M006. Dispatching Investigation squad. 02642_ Critical hit (Burn: +37). 02657_ Melee Analysis Suite destroyed. 02668_ Airjet destroyed. 02676_ Hvy. Flail destroyed. 02679_ Slammed into S-10 Pest. 02679_ Destabilizing: System interference. 02679_ Visual Processing Unit temporarily disabled. Map ----- +----------------------------------------------------+ | ?????# #???????????#% ""?# """"" | | ??#### #???????????# ??# | | ?##! #???????????### ##??# | | ?#! #??????????????#????####### | | ?#! ########?????????########## | | ?#! #?????????# """ """ | | ?#! #?????????# """ """ | | ?##! #?????????# """ """ | | ??###### #?????????# | | ???????# #?????????# | | ???????# #?????????# ! ! | | ???????#Y #?????????########## | | ???????# #??????????????????? | | ???????# #??????????????????? | | ???????# #######/#??????????? | | ???????# #????????? | | ???????#g +????????? | | ?#######/## #????????? | | ?# # ######### #????????? | | ?# """g# #??????????????????? | | ?# """s# #??????????????????? | | ?# """gb #??????????????????? | | ?# s# #??????????????????? | | ?# """s# #??????????????????? | | ?# """ #? #??????????????????? | | ?# s"""@#?? #??????????????????? | | ?# s/ ??+??????????????????? | | ?########## ???????????????????? | | ??????????? #??????????????????? | | ???????????? #??????????????????? | | ????????????? #??????????????????? | | ??????????????#??????????????????? | | ?????????????????????????????????? | | ?????????????????????????????????? | | ?????????????????????????????????? | | ?????????????????????????????????? | | ?????????????????????????????????? | | ?????????????????????????????????? | | ?????????????????????????????????? | | ?????????????????????????????????? | | ?????????????????????????????????? | | ?????????????????????????????????? | | ?????????????????????????????????? | | ?????????????????????????????????? | | ?????????????????????????????????? | | ?????????????????????????????????? | | ?????????????????????????????????? | | ?????????????????????????????????? | | ?????????????????????????????????? | | ?????????????????????????????????? | +----------------------------------------------------+ Best States ------------- Heat Dissipation 31 Energy Generation 14 Energy Capacity 280 Matter Stores 350 Matter Capacity 350 Sight Range 18 Robot Scan Range 14 Terrain Scan Range 16 Terrain Scan Density 10 Armor Coverage 300 Evasion (%) 55 Melee Accuracy 5 Item Schematics ----------------- None Robot Schematics ------------------ None Fabricated ------------ Nothing Repaired ---------- Lgt. Armor Plating | 23% | -9/Materials Studied --------- None Alien Tech Used ----------------- None Achievements -------------- DATA ERROR: Steam Global Achievement% For Emergencies Only I Have A Map? Organ Harvest Overwhelming Resistances Are Futile Spot Them First Challenges ------------ None Game ------ Seed ProjectionHypercooledBuckler Manual? 0 Play Time 00:38:18 Cumulative 46.4 hours Start 2025.10.23 @ 14:54:52 End 2025.10.23 @ 17:11:05 Sessions 5 Manual Loads 0 Difficulty Rogue Special Mode None Game No. 59 Rogue 59 Adventurer 0 Explorer 0 Win Type - Total 0 Types 0/0/0/0/0/0/0/0/0/0 Lore% 23 Gallery% 40 Achievement% 21 Wizard Run 0 Options --------- Layout 1 ASCII 0 Keyboard 0 Movement Numpad Keybinds 0 Fullscreen 1 Font 32/SmallcapsGlow Map View 50x35 Zoom Use 0% Tactical HUD 1 Map Filters NONE Filters NONE Steam 1 RUN: 47ccd1af-ebe7-4d5c-a0c4-9fc9cf4247e6